 Seeded DCSS version 0.27.1-34-g3ba077fa99 (webtiles) character file.

Game seed: 74894893043 (custom seed)

277 lonewolfV2 the Shield-Bearer (level 6, -1/53 HPs)
             Began as a Minotaur Fighter on Jan 6, 2022.
             Slain by an ogre (29 damage)
             ... on level 5 of the Dungeon.
             The game lasted 00:03:14 (2192 turns).

lonewolfV2 the Shield-Bearer (Minotaur Fighter)     Turns: 2192, Time: 00:03:14

Health: -1/53      AC: 11    Str: 21    XL:     6   Next: 4%
Magic:  5/5        EV:  8    Int:  5    God:
Gold:   111        SH: 10    Dex: 11    Spells: 5/5 levels left

rFire    . . .     SeeInvis .   j - +2 dagger (speed)
rCold    . . .     Faith    .   c - +0 kite shield
rNeg     . . .     Spirit   .   h - +4 scale mail
rPois    .         Reflect  .   (helmet restricted)
rElec    .         Harm     .   (no cloak)
rCorr    .         Rampage  .   (no gloves)
Will     .....                  (no boots)
Stlth    ..........             (no amulet)
HPRegen  0.17/turn              (no ring)
MPRegen  0.09/turn              (no ring)

@: no status effects
A: horns 2, retaliatory headbutt
a: no special abilities


You were on level 5 of the Dungeon.
You visited 1 branch of the dungeon, and saw 5 of its levels.

You collected 111 gold pieces.

Inventory:

Hand Weapons
 a - a +0 war axe
 j - a +2 dagger of speed (weapon)
Armour
 c - a +0 kite shield (worn)
 h - a +4 scale mail (worn)
Wands
 i - a wand of flame (24)
Scrolls
 e - 3 scrolls of teleportation
 g - a scroll of vulnerability
Potions
 b - a potion of attraction
 d - a potion of might
 f - a potion of lignification {unknown}


   Skills:
 + Level 4.4 Fighting
 + Level 4.4 Axes
 + Level 4.8 Armour
 + Level 0.8 Dodging
 + Level 0.1 Stealth
 + Level 5.8 Shields


You had 5 spell levels left.
You didn't know any spells.
Your spell library contained the following spells:

 Spells                   Type           Power      Damage    Failure   Level
 Beastly Appendage        Tmut           0%         N/A       99%         1
 Freeze                   Ice            0%         1d3       99%         1
 Wereblood                Tmut           0%         N/A       100%        2
 Frozen Ramparts          Ice            0%         1d2       100%        3
 Spider Form              Tmut/Pois      0%         N/A       100%        3
 Hailstorm                Conj/Ice       0%         3d3       100%        4


Dungeon Overview and Level Annotations

Branches:
Dungeon (4/15)
 Temple: D:4-7

Altars:

Annotations:
D:5 Menkaure


Innate Abilities, Weirdness & Mutations

You have a pair of horns on your head.
You reflexively headbutt those who attack you in melee.


Message History

The orc completely misses you. You furiously retaliate!
You headbutt the orc!
You kill the orc!
You block the orc's attack. The orc barely misses you.
You hit the orc but do no damage.
The orc is severely wounded.
The orc hits you but does no damage. The orc barely misses you.
You hit the orc.
You kill the orc!
The ball python barely misses you. x2; The orc completely misses you.
You fall into a shaft and drop 1 floor!
The shaft crumbles and collapses.
An ogre and Menkaure come into view.
Menkaure shouts!
The ogre shouts!
You hear a shout! x2
Found a robe.
You block Menkaure's attack.
A gnoll comes into view. It is wielding a +0 whip.
Menkaure gestures wildly while chanting.
Menkaure seems to speed up.
A gnoll comes into view.
It is wielding a +0 club and carrying a wand of paralysis (6).
You hear a howl!
The gnoll shouts!
You hit Menkaure. Your headbutt misses Menkaure.
Menkaure is lightly damaged.
You hear a shout! x2
Menkaure closely misses you. You furiously retaliate!
You headbutt Menkaure. You hit Menkaure. You headbutt Menkaure.
Menkaure is heavily damaged.
You block the ogre's attack.
A howler monkey comes into view.
You block Menkaure's attack.
The howler monkey howls!
You hit Menkaure.
Menkaure is heavily damaged.
A gnoll comes into view. It is wielding a +0 whip.
Menkaure calls on the powers of darkness!
Your body is wracked with pain!
The ogre convulses!
The howler monkey convulses!
The gnoll convulses! x2
The ogre hits you with a +0 giant club!!
Ouch! That really hurt!
You die...

8...8 ##
#...# ##
##8##...##8#
...........
g.g.[.⌠...
..g...h
#..O#
##.M@##
#8...8#
##...##
#...# #...#
#8...8
##...# #...#
#...#


You could see an ogre, Menkaure (fast), a howler monkey and 3 gnolls.

Vanquished Creatures
  Grinder (D:3)
  3 adders
  3 worms
  2 orcs (D:4)
  3 bats
  3 endoplasms
  A giant cockroach (D:2)
  4 goblins
  3 hobgoblins
  3 jackals (D:2)
  2 quokkas (D:2)
  4 ball pythons
  2 frilled lizards
  8 kobolds
  2 rats
44 creatures vanquished.

Notes
Turn   | Place    | Note
-------+----------+-------------------------------------------
     0 | D:1      | lonewolfV2 the Minotaur Fighter began the quest for the
                  | Orb.
     0 | D:1      | Reached XP level 1. HP: 19/19 MP: 0/0
    54 | D:1      | You fall into a shaft and drop 1 floor!
   166 | D:2      | Reached XP level 2. HP: 27/27 MP: 1/1
   255 | D:2      | Reached skill level 4 in Shields
   670 | D:2      | Reached XP level 3. HP: 30/33 MP: 2/2
  1279 | D:3      | Noticed Grinder
  1281 | D:3      | Paralysed by Grinder for 2 turns
  1302 | D:3      | Paralysed by Grinder for 2 turns
  1305 | D:3      | Killed Grinder
  1306 | D:3      | Reached skill level 5 in Shields
  1306 | D:3      | Reached XP level 4. HP: 13/41 MP: 3/3
  1306 | D:3      | Reached XP level 5. HP: 15/47 MP: 4/4
  1739 | D:3      | Reached XP level 6. HP: 53/53 MP: 5/5
  2186 | D:4      | You fall into a shaft and drop 1 floor!
  2186 | D:5      | Entered Level 5 of the Dungeon
  2186 | D:5      | Noticed Menkaure
  2192 | D:5      | Slain by an ogre

Illustrated notes

Levels and vault maps discovered:
D:1:      nagdon_arrival_zigzag_paths, layout_basic,
          shapermc_ecumenical_altar_venn
D:2:      layout_rooms, grunt_decor_resistance
D:3:      layout_basic, uniq_grinder
D:4:      layout_rooms, minmay_misc_feat_diagonals, corexii_checkpoint_b,
          uniq_robin
D:5:      layout_basic, temple_statues, serial_corexii_hall,
          corexii_hall_statues_x, corexii_hall_statues_l, uniq_menkaure,
          uniq_pikel, uniq_prince_ribbit1

Skill      XL: |  1  2  3 |
---------------+----------+-----
Fighting       | 4 |  4.4
Shields        | 4 5 |  5.8
Armour         | 4 |  4.8
Axes           | 4 |  4.4
Dodging        | |  0.8
Stealth        | |  0.1

Action                   |  1- 3 |  4- 6 || total
-------------------------+-------+-------++-------
Melee: War axe           |   108 |    17 ||   125
       Headbutt          |    12 |     4 ||    16
       Dagger            |       |     9 ||     9
  Use: Scroll            |     2 |     1 ||     3
Armor: Scale mail        |    46 |    11 ||    57
Dodge: Dodged            |    41 |    14 ||    55
Block: Kite shield       |    70 |    25 ||    95
